 Dungeon Crawl Stone Soup version 0.28.0-53-g5a82cb258f (webtiles) character file.

Game seed: 12889135194699880374

1339 jiml777 the Digger (level 8, -4/45 HPs)
             Began as a Gargoyle Earth Elementalist on June 10, 2022.
             Was an Initiate of Gozag.
             Slain by a two-headed ogre
             ... wielding a +0 giant spiked club
              (16 damage)
             ... on level 7 of the Dungeon.
             The game lasted 00:24:43 (6283 turns).

jiml777 the Digger (Gargoyle Earth Elementalist)    Turns: 6283, Time: 00:24:44

Health: -4/45      AC: 12    Str: 11    XL:     8   Next: 61%
Magic:  13/22      EV: 12    Int: 19    God:    Gozag
Gold:   197        SH:  0    Dex: 10    Spells: 8/14 levels left

rFire   x . .      SeeInvis +   n - +6 spear of Gravity {flame, Fly rPois rF- SInv}
rCold   . . .      Faith    .   (no shield)
rNeg    + . .      Spirit   .   j - +0 leather armour
rPois   ∞          Reflect  .   (no helmet)
rElec   +          Harm     .   u - +0 cloak
rCorr   .          Rampage  .   e - +0 pair of gloves
Will    .....                   z - +0 pair of boots
Stlth   ++........              (no amulet)
HPRegen 0.15/turn               r - ring of magical power
MPRegen 0.18/turn               (no ring)

@: mighty, flying
A: sickness immunity, AC +5, negative energy resistance 1, electricity
resistance, torment resistance 1, petrification resistance
a: Renounce Religion, Potion Petition, Call Merchant, Bribe Branch


You were on level 7 of the Dungeon.
You worshipped Gozag.
Gozag was aware of your devotion.
You visited 2 branches of the dungeon, and saw 8 of its levels.

You collected 346 gold pieces.
You spent 49 gold pieces at shops.
You paid 100 gold pieces to Gozag.

Inventory:

Hand Weapons
 a - a +2 flail of protection
 n - the +6 spear of Gravity (weapon) {flame, Fly rPois rF- SInv}
   (You found it on level 2 of the Dungeon)

   It burns those it strikes, dealing additional fire damage.
   rF:        It makes you vulnerable to fire.
   rPois:     It protects you from poison.
   SInv:      It lets you see invisible.
   Fly:       It grants you flight.
 o - a +1 hunting sling of flaming
 w - a +0 arbalest
Missiles
 c - 264 stones
 d - 11 atropa-tipped darts
 f - 19 bolts
 g - 82 arrows
 i - 43 sling bullets
 t - 10 poisoned darts
 C - 2 datura-tipped darts
Armour
 b - a +0 robe
 e - a +0 pair of gloves (worn)
 j - a +0 leather armour (worn)
 u - a +0 cloak (worn)
 z - a +0 pair of boots (worn)
Magical Staves
 A - a staff of conjuration
Jewellery
 r - a ring of magical power (left hand)
Wands
 v - a wand of flame (11)
Scrolls
 m - a scroll of silence
 p - 4 scrolls of teleportation
 s - a scroll of fog
 x - 2 scrolls of identify
 y - 2 scrolls of enchant weapon
 B - 2 scrolls of amnesia
Potions
 h - 3 potions of curing
 k - 3 potions of flight
 l - 2 potions of invisibility
 q - 2 potions of lignification
 D - a potion of magic


   Skills:
 + Level 2.5 Fighting
 + Level 2.8 Maces & Flails
 + Level 2.5 Polearms
 + Level 2.8 Armour
 + Level 2.9 Dodging
 + Level 3.6 Stealth
 + Level 3.7 Spellcasting
 * Level 3.7 Conjurations
 * Level 2.9 Transmutations
 + Level 5.8 Earth Magic


You had 8 spell levels left.
You knew the following spells:

 Your Spells              Type           Power      Damage    Failure   Level
a - Sandblast             Erth           50%        2d12      1%          1
b - Passwall              Tmut/Erth      16%        N/A       4%          2
c - Stone Arrow           Conj/Erth      42%        3d9       8%          3

Your spell library contained the following spells:

 Spells                   Type           Power      Damage    Failure   Level
 Wereblood                Tmut           14%        N/A       9%          2
 Petrify                  Tmut/Erth      20%        N/A       28%         4
 Summon Hydra             Summ           1%         N/A       100%        7
 Sublimation of Blood     Necr           Unusable   N/A       N/A         2

Dungeon Overview and Level Annotations

Branches:
Dungeon (7/15)             Temple (1/1) D:6

Altars:
Ashenzari
Cheibriados
Dithmenos
Elyvilon
Fedhas
Gozag
Hepliaklqana
Kikubaaqudgha
Makhleb
Nemelex Xobeh
Okawaru
Qazlal
Ru
Trog
Uskayaw
Vehumet
Wu Jian
Xom
Yredelemnul
Zin
The Shining One

Shops:
D:6 [


Innate Abilities, Weirdness & Mutations

You are immune to sickness and miasma.
Your stone body is resilient. (AC +5)
You are immune to poison.
You resist negative energy. (rN+)
You are resistant to electric shocks. (rElec)
You are resistant to unholy torment.
You are immune to petrification.


Message History

Unknown command.
Casting: Sandblast (safe; 1% risk of failure)
Confirm with . or Enter, or press ? or * to list all spells.
Aiming: Stone Arrow (dangerous; 8% risk of failure)
Press: ? - help, Shift-Dir - straight line, f - two-headed ogre
Aim: a two-headed ogre, wielding two +0 giant spiked clubs (86% to hit)
You miscast Stone Arrow.
You are very lightly contaminated with residual magic.
Nothing appears to happen.
Casting: Stone Arrow (dangerous; 8% risk of failure)
Confirm with . or Enter, or press ? or * to list all spells.
Aiming: Stone Arrow (dangerous; 8% risk of failure)
Press: ? - help, Shift-Dir - straight line, f/p - two-headed ogre
Aim: a two-headed ogre, wielding two +0 giant spiked clubs (86% to hit)
The stone arrow hits the two-headed ogre!
The two-headed ogre is moderately wounded.
Casting: Stone Arrow (dangerous; 8% risk of failure)
Confirm with . or Enter, or press ? or * to list all spells.
Aiming: Stone Arrow (dangerous; 8% risk of failure)
Press: ? - help, Shift-Dir - straight line, f/p - two-headed ogre
Aim: a two-headed ogre, wielding two +0 giant spiked clubs (moderately wounded, 86% to hit)
The stone arrow hits the two-headed ogre!
The two-headed ogre is heavily wounded.
Casting: Stone Arrow (dangerous; 8% risk of failure)
Confirm with . or Enter, or press ? or * to list all spells.
Aiming: Sandblast (safe; 1% risk of failure)
Press: ? - help, Shift-Dir - straight line, f/p - two-headed ogre
Aim: a two-headed ogre, wielding two +0 giant spiked clubs (heavily wounded, 91% to hit)
The blast of sand hits the two-headed ogre!
The two-headed ogre is severely wounded.
The two-headed ogre hits you with a +0 giant spiked club!!
Ouch! That really hurt!
The two-headed ogre barely misses you.
Your magical contamination has completely faded away.
You feel very mighty all of a sudden.
The two-headed ogre hits you with a +0 giant spiked club!
* * * LOW HITPOINT WARNING * * *
The two-headed ogre hits you with a +0 giant spiked club!
You die...
Your body crumbles into a pile of gold.

##### ....#
####....###
##########..........
#...>@O.............
#....#####..?.......
#.[.................
#....#####....#.####
#....#.....####)#
#..<........ .
#..........#. ..
###...........
.......#.. ..


You could see a two-headed ogre.

Vanquished Creatures
  3 water moccasins
  A black bear (D:5)
  A necrophage (D:6)
  A kobold brigand (D:4)
  Blork the orc (D:6)
  2 scorpions
  A water moccasin skeleton (D:4)
  A bullfrog zombie (D:5)
  A centaur zombie (D:6)
  A jelly (D:4)
  4 hounds
  Crazy Yiuf (D:5)
  3 iguanas
  A hound skeleton (D:5)
  2 howler monkey skeletons
  3 gnolls (D:4)
  7 adders
  A white imp (D:7)
  An ufetubus (D:6)
  2 worms (D:2)
  A dart slug (D:1)
  9 orcs
  12 ball pythons
  8 endoplasms
  4 giant cockroaches
  9 goblins
  3 hobgoblins
  3 kobolds
  3 quokkas
  5 bats
  2 frilled lizards
  7 rats
104 creatures vanquished.

Vanquished Creatures (others)
  4 toadstools (D:1)
4 creatures vanquished.

Grand Total: 108 creatures vanquished

Notes
Turn   | Place    | Note
-------+----------+-------------------------------------------
     0 | D:1      | jiml777 the Gargoyle Earth Elementalist began the quest for
                  | the Orb.
     0 | D:1      | Reached XP level 1. HP: 10/10 MP: 3/3
   137 | D:1      | Reached XP level 2. HP: 15/15 MP: 5/5
   241 | D:1      | Reached skill level 4 in Earth Magic
   639 | D:1      | Reached XP level 3. HP: 15/19 MP: 6/6
   971 | D:2      | Reached skill level 1 in Maces & Flails
  1613 | D:2      | Reached XP level 4. HP: 24/24 MP: 4/7
  1643 | D:2      | Reached skill level 1 in Fighting
  2263 | D:2      | Identified the +6 spear of Gravity {flame, Fly rPois rF-
                  | SInv}
  2497 | D:3      | Noticed a scorpion
  2503 | D:3      | Killed a scorpion
  2504 | D:3      | Reached skill level 1 in Armour
  2504 | D:3      | Reached XP level 5. HP: 23/29 MP: 5/8
  2693 | D:3      | Found a faded altar of an unknown god.
  3291 | D:4      | Learned a level 2 spell: Passwall
  3295 | D:4      | Learned a level 3 spell: Stone Arrow
  3332 | D:4      | Reached skill level 1 in Transmutations
  3332 | D:4      | Reached XP level 6. HP: 34/34 MP: 9/9
  3435 | D:4      | Reached skill level 1 in Polearms
  3435 | D:4      | Reached skill level 1 in Conjurations
  3626 | D:4      | Reached XP level 7. HP: 4/39 MP: 10/10
  4123 | D:5      | Entered Level 5 of the Dungeon
  4405 | D:5      | Reached skill level 5 in Earth Magic
  4573 | D:5      | Reached XP level 8. HP: 30/44 MP: 12/12
  4790 | D:5      | Found a runed translucent door.
  4791 | D:5      | Noticed Crazy Yiuf
  4798 | D:5      | Killed Crazy Yiuf
  5060 | D:6      | Noticed Blork the orc
  5078 | D:6      | Killed Blork the orc
  5208 | D:6      | Found Pydicatz's Armour Boutique.
  5223 | D:6      | Bought a +0 pair of boots for 49 gold pieces
  5852 | D:6      | Found a staircase to the Ecumenical Temple.
  5857 | Temple   | Entered the Ecumenical Temple
  5915 | Temple   | Became a worshipper of Gozag Ym Sagoz the Greedy
  6269 | D:7      | Noticed a two-headed ogre
  6283 | D:7      | Slain by a two-headed ogre

Illustrated notes

Levels and vault maps discovered:
D:1:      ldierk_walled_garden_2, layout_basic
D:2:      layout_loops_ring
D:3:      layout_basic, shapermc_ecumenical_altar_petra, hangedman_decor_push
D:4:      layout_loops_cross
D:5:      layout_basic, uniq_crazy_yiuf_cottage
D:6:      layout_gridville, minmay_temple_entry_butterflies, serial_shops,
          nicolae_shop_temple_entry_statues_fountains, glass_columns_b,
          uniq_blork_the_orc
D:7:      layout_basic, minmay_shop_grid_forest, kennysheep_crisscross,
          uniq_harold
Temple:   kilobyte_greek_temple

Skill      XL: |  1  2  3  4  5  6  7 |
---------------+----------------------+-----
Earth Magic    | 4 5 |  5.8
Dodging        | 2 |  2.9
Maces & Flails | 1 2 |  2.8
Fighting       | 1 2 |  2.5
Armour         | 1 2 |  2.8
Stealth        | 3 |  3.6
Transmutations | 1 2 |  2.9
Polearms       | 1 2 |  2.5
Conjurations   | 1 3 |  3.7
Spellcasting   | 3 |  3.7

Action                   |  1- 3 |  4- 6 |  7- 9 || total
-------------------------+-------+-------+-------++-------
Melee: Flail             |    94 |    34 |       ||   128
       Spear             |       |    71 |   104 ||   175
       Punch             |       |     4 |       ||     4
 Cast: Sandblast         |     3 |    14 |    27 ||    44
       Stone Arrow       |       |       |     7 ||     7
  Use: Scroll            |     6 |     2 |     6 ||    14
       Potion            |       |       |     4 ||     4
 Stab: Sleeping          |     5 |     5 |       ||    10
Armor: Robe              |    12 |       |       ||    12
       Leather armour    |    32 |    38 |    51 ||   121
       Skin              |       |       |     8 ||     8
Dodge: Dodged            |    60 |    47 |    63 ||   170
